 Seeded DCSS version 0.29-a0-1052-g6990b1bffc (webtiles) character file.

Game seed: 1 (custom seed)

110 Kazon the Slasher (level 4, 0/44 HPs)
             Began as a Naga Berserker on Aug 17, 2022.
             Was a Follower of Trog.
             Slain by an ufetubus (4 damage)
             ... summoned by Eustachio
             ... on level 4 of the Dungeon.
             The game lasted 00:13:25 (2651 turns).

Kazon the Slasher (Naga Berserker)                  Turns: 2651, Time: 00:13:26

Health: 0/44       AC:  3    Str: 19    XL:     4   Next: 91%
Magic:  4/4        EV: 10    Int:  8    God:    Trog [*.....]
Gold:   37         SH:  0    Dex: 12    Spells: 3/3 levels left

rFire   . . .      SeeInvis +   s - +3 falchion of Winter {venom, rCorr}
rCold   + . .      Faith    .   (no shield)
rNeg    + + .      Spirit   .   b - +0 animal skin
rPois   +          Reflect  .   l - +0 helmet
rElec   .          Harm     .   (no cloak)
rCorr   +          Rampage  .   (no gloves)
Will    ++...                   (no barding)
Stlth   ..........              o - amulet of the acrobat
HPRegen 1.14/turn               d - ring of Majoz {+Blink rPois rC+ rN++ Stlth-}
MPRegen 0.09/turn               (no ring)

@: strong-willed, on berserk cooldown, regenerating, slowed, very slow
A: AC +1, large, see invisible, deformed body, poison resistance, slowness 2,
spit poison 1, naga tail 1
a: Spit Poison, Renounce Religion, Evoke Blink, Berserk


You were on level 4 of the Dungeon.
You worshipped Trog.
Trog was aware of your devotion.
You visited 1 branch of the dungeon, and saw 4 of its levels.

You collected 221 gold pieces.
You spent 184 gold pieces at shops.

Inventory:

Hand Weapons
 a - a +0 falchion
 e - a +2 dagger of venom
 s - the +3 falchion of Winter (weapon) {venom, rCorr}
   (You bought it in a shop on level 3 of the Dungeon)

   It poisons the flesh of those it strikes.
   rCorr:     It protects you from acid and corrosion.
Missiles
 i - 5 stones (quivered)
 j - a throwing net
 n - 4 boomerangs
 r - 7 poisoned darts
Armour
 b - a +0 animal skin (worn)
 l - a +0 helmet (worn)
Jewellery
 d - the ring of Majoz (left hand) {+Blink rPois rC+ rN++ Stlth-}
   (You acquired it on level 1 of the Dungeon)

   [ring of protection from cold]

   rC:        It protects you from cold.
   rPois:     It protects you from poison.
   rN:        It greatly protects you from negative energy.
   +Blink:    It lets you blink.
   Stlth:     It makes you less stealthy.
 o - an amulet of the acrobat (around neck)
Scrolls
 h - a scroll of identify
 k - a scroll of fog {unknown}
 p - a scroll of immolation {unknown}
 q - 2 scrolls of enchant weapon {unknown}
Potions
 c - a potion of haste
 f - a potion of attraction {unknown}
 g - a potion of flight {unknown}
 m - a potion of berserk rage {unknown}


   Skills:
 + Level 3.9 Fighting
 + Level 0.2(2.5) Short Blades
 + Level 4.2 Long Blades
 + Level 1.7 Armour
 + Level 2.1 Dodging
 + Level 0.5 Stealth


You had 3 spell levels left.
You didn't know any spells.
Your spell library was empty.

Dungeon Overview and Level Annotations

Branches:
Dungeon (3/15)

Altars:

Shops:
D:3 (

Annotations:
D:4 Eustachio


Innate Abilities, Weirdness & Mutations

Your serpentine skin is tough. (AC +1)
You have supernaturally acute eyesight. (SInv)
Armour fits poorly on your strangely shaped body.
Your system is resistant to poisons. (rPois)
You cover ground very slowly.
You can spit poison.
You have a snake-like lower body.


Message History

* * * LOW HITPOINT WARNING * * *
The bat hits you but does no damage.
Eustachio gestures wildly while chanting.
Eustachio blinks!
The ufetubus hits you.
* * * LOW HITPOINT WARNING * * *
The ufetubus barely misses you.
You are no longer berserk.
You are exhausted.
You feel yourself slow down. The rat bites you but does no damage.
You see here a +0 flail.
Your skin crawls.
You feel strong-willed.
You can no longer call upon Trog for regeneration and willpower.
The bat closely misses you. The rat barely misses you. The rat bites you.
* * * LOW HITPOINT WARNING * * *
The rat bites you.
* * * LOW HITPOINT WARNING * * *
The rat bites you but does no damage. The quokka barely misses you.
You barely miss the quokka. The quokka bites you.
* * * LOW HITPOINT WARNING * * *
The rat bites you but does no damage. x2
The shadow imp shouts, "Accept thy fall, thou paunchy guts-griping apple-john!"
Eustachio gestures wildly while chanting.
Eustachio blinks!
The quokka bites you but does no damage.
You barely miss the rat. You punch the rat.
You kill the rat!
The rat's corpse disappears in a puff of smoke!
The bat closely misses you. The rat bites you but does no damage.
The quokka closely misses you.
Eustachio mumbles some strange words.
Eustachio blinks!
The rat twitches its whiskers.
The rat closely misses you. The quokka bites you.
* * * LOW HITPOINT WARNING * * *
As you read the scroll labelled NAURHE KYU, it crumbles to dust.
It is a scroll of identify.
c - a potion of haste The ufetubus hits you.
You die...

. ###### ..
#....# .. #....#
#.### #....#
@..## #....#
#..## #....# #..#
#######....#
##.##
#@5b.ยง.....#
#..###rr.....####
##....5......#
####........#
##.####### #@#
... .#### +


You could see Eustachio, a shadow imp (summoned), an ufetubus (summoned), a
quokka (summoned), a bat (summoned) and a rat (summoned).

Vanquished Creatures
  3 gnolls (D:2)
  2 adders (D:2)
  A worm (D:2)
  A dart slug (D:3)
  An orc (D:4)
  7 endoplasms
  A giant cockroach (D:1)
  7 goblins
  6 hobgoblins
  6 jackals (D:3)
  4 kobolds
  2 quokkas
  3 ball pythons
  2 bats
  4 frilled lizards
  3 rats (D:1)
53 creatures vanquished.

Notes
Turn   | Place    | Note
-------+----------+-------------------------------------------
     0 | D:1      | Kazon the Naga Berserker began the quest for the Orb.
     0 | D:1      | Reached XP level 1. HP: 21/21 MP: 1/1
   106 | D:1      | Identified a scroll of acquirement
   106 | D:1      | Acquired the ring of Majoz {+Blink rPois rC+ rN++ Stlth-}
   345 | D:1      | Reached XP level 2. HP: 28/28 MP: 2/2
   830 | D:2      | Reached XP level 3. HP: 7/34 MP: 3/3
  1416 | D:2      | Reached XP level 4. HP: 44/44 MP: 4/4
  1825 | D:2      | Reached skill level 4 in Long Blades
  2381 | D:3      | Reached ** piety under Trog
  2588 | D:3      | Found Umat's Antique Weapon Boutique.
  2592 | D:3      | Bought a crude falchion for 184 gold pieces
  2592 | D:3      | Identified the +3 falchion of Winter {venom, rCorr} (You
                  | bought it in a shop on level 3 of the Dungeon)
  2598 | D:3      | You fall into a shaft and drop 1 floor!
  2620 | D:4      | Noticed Eustachio
  2651 | D:4      | Slain by an ufetubus

Illustrated notes

Levels and vault maps discovered:
D:1:      dpeg_arrival_three_smaller_balls, layout_basic
D:2:      layout_loops_ring
D:3:      layout_basic, serial_shops, nicolae_shop_stone, st_stairs_7
D:4:      minmay_razor_zed, layout_basic, worldfamousw_hep_ancestral_shrine,
          uniq_eustachio, uniq_natasha

Skill      XL: |  1  2  3  4 |
---------------+-------------+-----
Long Blades    | 4 |  4.2
Dodging        | 2 |  2.1
Fighting       | |  3.9
Short Blades   | |  0.2
Armour         | |  1.7
Stealth        | |  0.5

Action                   |  1- 3 |  4- 6 || total
-------------------------+-------+-------++-------
Melee: Falchion          |    84 |    36 ||   120
       Dagger            |       |    47 ||    47
       Punch             |       |     1 ||     1
Throw: Stone             |       |    17 ||    17
Invok: Berserk           |     3 |     1 ||     4
       Trog's Hand       |       |     1 ||     1
 Abil: Spit Poison       |    13 |    17 ||    30
       Evoke Blink       |     1 |     1 ||     2
  Use: Scroll            |     1 |     1 ||     2
Armor: Animal skin       |    12 |    36 ||    48
Dodge: Dodged            |    53 |    86 ||   139

Table legend: (Time is in decaauts)
 A = Elapsed time spent in this place.
 B = Non-inter-level travel time spent in this place.
 C = Inter-level travel time spent in this place.
 D = Time resting spent in this place.
 E = Time spent auto-exploring this place.
 F = Levels seen in this place.
 G = Mean time per level.
                   A        B        C        D        E       F      G
               +--------+--------+--------+--------+--------+-----+--------+
         Total |   3199 |   3081 |    118 |    497 |    853 |   4 |  799.8 |
       Dungeon |   3199 |   3081 |    118 |    497 |    853 |   4 |  799.8 |
               +--------+--------+--------+--------+--------+-----+--------+

Top non-repeatable levels by time:
     D:1: 1302 daAuts
     D:2: 1108 daAuts
     D:3: 727 daAuts
     D:4: 61 daAuts
